 Dungeon Crawl Stone Soup version 0.31-a0-460-g9e667d4245 (webtiles) character file.

Game seed: 6181102319269063153

354 lessens the Chopper (level 6, -4/47 HPs)
             Began as a Demonspawn Fighter on Aug 4, 2023.
             Was a Follower of Makhleb.
             Slain by Grinder the ice devil (8 damage)
             ... on level 4 of the Dungeon.
             The game lasted 00:04:47 (2874 turns).

lessens the Chopper (Demonspawn Fighter)            Turns: 2874, Time: 00:04:47

Health: -4/47      AC: 12    Str: 18    XL:     6   Next: 35%
Magic:  6/6        EV:  9    Int:  9    God:    Makhleb [*.....]
Gold:   191        SH:  4    Dex: 13    Spells: 5/5 levels left

rFire   . . .        a - +0 war axe
rCold   . . .        c - +0 buckler
rNeg    . . .        b - +0 scale mail
rPois   .            A - +0 helmet
rElec   .            j - +0 cloak
rCorr   .            p - +0 pair of gloves
SInv    .            (boots unavailable)
Will    .....        (no amulet) Stlth
                     (no ring)
HPRegen 0.27/turn    (no ring)
MPRegen 0.10/turn

%: no passive effects
@: mighty
A: hooves 3, yellow scales 1
a: Renounce Religion


You were on level 4 of the Dungeon.
You worshipped Makhleb.
Makhleb was aware of your devotion.
You visited 1 branch of the dungeon, and saw 4 of its levels.
You also visited: Sewer.

You collected 191 gold pieces.

Inventory:

Hand Weapons
 a - a +0 war axe (weapon)
Missiles
 f - 37 stones
 i - 5 boomerangs
Armour
 b - a +0 scale mail (worn)
 c - a +0 buckler (worn)
 j - a +0 cloak (worn)
 p - a +0 pair of gloves (worn)
 A - a +0 helmet (worn)
Scrolls
 h - 2 scrolls of vulnerability {unknown}
 l - 3 scrolls of identify {unknown}
 n - a scroll of acquirement {unknown}
 u - a scroll of butterflies {unknown}
 v - a scroll of revelation {unknown}
 w - a scroll of teleportation {unknown}
 x - a scroll of enchant weapon {unknown}
 y - a scroll of fear {unknown}
 C - a scroll of silence {unknown}
 D - a scroll of torment {unknown}
Potions
 d - a potion of might
 e - 2 potions of berserk rage {unknown}
 g - 2 potions of brilliance
 k - 3 potions of invisibility {unknown}
 m - a potion of attraction {unknown}
 o - a potion of cancellation {unknown}
 q - a potion of curing {unknown}
 r - 3 potions of resistance {unknown}
 s - a potion of enlightenment {unknown}
 t - a potion of haste {unknown}
 z - 2 potions of heal wounds {unknown}
 E - a potion of degeneration {unknown}


   Skills:
 - Level 3.0 Fighting
 + Level 6.2 Axes
 - Level 2.6 Armour
 - Level 2.6 Shields


You had 5 spell levels left.
You didn't know any spells.
Your spell library contained the following spells:

 Spells                   Type           Power      Damage    Failure   Level
 Sandblast                Erth           0%         2d4       86%         1
 Sting                    Tmut/Pois      0%         1d3       86%         1
 Passwall                 Tmut/Erth      0%         N/A       94%         2
 Poisonous Vapours        Pois/Air       0%         N/A       94%         2
 Sublimation of Blood     Necr           0%         N/A       94%         2
 Stone Arrow              Conj/Erth      0%         3d7       99%         3
 Olgreb's Toxic Radiance  Pois           0%         N/A       100%        4
 Petrify                  Tmut/Erth      0%         N/A       100%        4
 Irradiate                Conj/Tmut      0%         3d11      100%        5


Dungeon Overview and Level Annotations

Branches:
Dungeon (4/15) Zot: 21285   Sewer (visited)
 Temple: D:4-7

Altars:
Dithmenos
Kikubaaqudgha
Makhleb

Annotations:
D:4 Grinder


Innate Abilities, Weirdness & Mutations

You have hooves in place of feet.
You are partially covered in yellow scales. (AC +2)


Message History

The kobold throws a stone.
The stone closely misses you.
A kobold is nearby!
You slash the kobold!
You kill the kobold!
Makhleb accepts your kill.
No target in view!
No target in view!
f - 37 stones (gained 2)
Things that are here:
a +0 dagger; a kobold corpse Grinder comes into view.
Grinder blinks!
Grinder is nearby!
Grinder is nearby!
Aiming: Polymorph
Press: ? - help, Shift-Dir - straight line, f - Grinder
Aim: Grinder (will become a lemure, a chaos spawn, or an ice devil, chance to affect: 49%) Grinder resists with some effort.
Aiming: Polymorph
Press: ? - help, Shift-Dir - straight line, f/p - Grinder
Aim: Grinder (will become a lemure, a chaos spawn, or an ice devil, chance to affect: 49%) Grinder evaporates and reforms as an ice devil!
The now-empty wand crumbles to dust.
You hit Grinder but do no damage. Your kick misses Grinder. Grinder hits you.
Grinder freezes you!!
You closely miss Grinder. You kick Grinder, but do no damage.
Grinder hits you but does no damage.
You hit Grinder. You kick Grinder!
Grinder is moderately wounded.
Grinder hits you! Grinder freezes you!
* * * LOW HITPOINT WARNING * * *
Okay, then.
You feel very mighty all of a sudden. Grinder hits you but does no damage.
You hit Grinder.
Grinder is moderately wounded.
Grinder hits you.
* * * LOW HITPOINT WARNING * * *
Grinder freezes you!
You die...

##.## #.....#
#.....#..# #.#
#.....#
#......<.# #.#
#.....#
##..####.# #.#
#.....#
#.......# #.#
#######
##.###### #..
#######)# ###
#.......#
#.####..# #@#
#..#
#.....4....#..#
..#####.......#
#....#.##
#......#
########


You could see Grinder the ice devil.

Vanquished Creatures
  A scorpion (D:4)
  A killer bee (D:4)
  Ijyb (D:4)
  Terence (D:2)
  A hell rat (Sewer)
  An iguana (D:4)
  Robin (D:4)
  3 adders
  3 river rats (Sewer)
  2 dart slugs
  6 orcs (D:3)
  A bat (D:2)
  5 endoplasms
  2 giant cockroaches
  14 goblins
  6 hobgoblins
  7 jackals (D:3)
  3 quokkas (D:3)
  10 ball pythons
  5 kobolds
  7 rats
81 creatures vanquished.

Notes
Turn   | Place    | Note
-------+----------+-------------------------------------------
     0 | D:1      | lessens the Demonspawn Fighter began the quest for the Orb.
     0 | D:1      | Reached XP level 1. HP: 18/18 MP: 1/1
    67 | D:1      | Reached skill level 2 in Axes
   221 | D:1      | Found a faded altar of an unknown god.
   426 | D:1      | Gained mutation: You are partially covered in yellow
                  | scales. (AC +2) [demonic ancestry]
   426 | D:1      | Reached XP level 2. HP: 24/24 MP: 2/2
  1015 | D:2      | Reached skill level 3 in Axes
  1036 | D:2      | Gained mutation: You have large cloven feet. [demonic
                  | ancestry]
  1036 | D:2      | Reached XP level 3. HP: 27/29 MP: 3/3
  1464 | D:2      | Noticed Terence
  1472 | D:2      | Killed Terence
  1473 | D:2      | Reached skill level 4 in Axes
  1473 | D:2      | Reached XP level 4. HP: 33/35 MP: 4/4
  1675 | D:3      | Found an ancient bone altar of Kikubaaqudgha.
  1680 | D:3      | Found a burning altar of Makhleb.
  1683 | D:3      | Found a shadowy altar of Dithmenos.
  1689 | D:3      | Became a worshipper of Makhleb the Destroyer
  1870 | D:3      | Found a glowing drain.
  1881 | Sewer    | Entered a sewer
  1975 | Sewer    | Gained mutation: You have hoof-like feet. [demonic
                  | ancestry]
  1975 | Sewer    | Reached XP level 5. HP: 34/41 MP: 5/5
  2036 | Sewer    | Reached skill level 5 in Axes
  2167 | D:3      | Identified the +1 dagger of Blind Justice {freeze, rN+
                  | Int+4}
  2301 | D:4      | Noticed Ijyb
  2324 | D:4      | Killed Ijyb
  2333 | D:4      | Reached * piety under Makhleb
  2339 | D:4      | Noticed Robin
  2351 | D:4      | Killed Robin
  2392 | D:4      | Gained mutation: You have hooves in place of feet. [demonic
                  | ancestry]
  2392 | D:4      | Reached XP level 6. HP: 44/47 MP: 6/6
  2420 | D:4      | Reached skill level 6 in Axes
  2494 | D:4      | Noticed Sigmund
  2495 | D:4      | Sigmund changed into Sigmund the killer bee
  2495 | D:4      | Noticed Sigmund
  2501 | D:4      | Killed Sigmund the killer bee
  2867 | D:4      | Noticed Grinder
  2869 | D:4      | Grinder changed into Grinder the ice devil
  2869 | D:4      | Noticed Grinder
  2874 | D:4      | Slain by Grinder the ice devil

Illustrated notes

Levels and vault maps discovered:
D:1:      lightli_arrival_noodles, layout_loops_ring,
          hellmonk_ecumenical_altar_crossroads
D:2:      layout_loops_cross, uniq_terence
D:3:      layout_rooms, grunt_temple_overflow_diamond, portal_sewer_entry_f
D:4:      layout_loops_cross, uniq_ijyb, uniq_sigmund, uniq_robin, uniq_grinder

Skill      XL: |  1  2  3  4  5  6 |
---------------+-------------------+-----
Axes           | 2 3 4 5 6 |  6.2
Fighting       | |  3.0
Armour         | |  2.6
Shields        | |  2.6

Action                     |  1- 3 |  4- 6 || total
---------------------------+-------+-------++-------
  Melee: War axe           |    70 |   137 ||   207
         Kick              |     3 |    39 ||    42
         Unarmed           |       |    19 ||    19
  Evoke: Wand              |       |     3 ||     3
    Use: Potion            |       |     3 ||     3
 Armour: Scale mail        |    25 |    53 ||    78
         Skin              |       |     2 ||     2
  Dodge: Dodged            |    28 |    59 ||    87
  Block: Buckler           |    21 |    27 ||    48

Table legend: (Time is in decaauts)
 A = Elapsed time spent in this place.
 B = Non-inter-level travel time spent in this place.
 C = Inter-level travel time spent in this place.
 D = Time resting spent in this place.
 E = Time spent auto-exploring this place.
 F = Levels seen in this place.
 G = Mean time per level.
                   A        B        C        D        E       F      G
               +--------+--------+--------+--------+--------+-----+--------+
         Total |   2956 |   2881 |     75 |    119 |   1886 |   5 |  591.2 |
       Dungeon |   2713 |   2638 |     75 |      0 |   1871 |   4 |  678.2 |
         Sewer |    243 |    243 |      0 |    119 |     14 |   1 |  243.0 |
               +--------+--------+--------+--------+--------+-----+--------+

Top non-repeatable levels by time:
     D:1: 803 daAuts
     D:2: 781 daAuts
     D:4: 587 daAuts
     D:3: 542 daAuts
   Sewer: 243 daAuts

Levels and vault maps discovered:
D:1:      lightli_arrival_noodles, layout_loops_ring,
          hellmonk_ecumenical_altar_crossroads
D:2:      layout_loops_cross, uniq_terence
D:3:      layout_rooms, grunt_temple_overflow_diamond, portal_sewer_entry_f
D:4:      layout_loops_cross, uniq_ijyb, uniq_sigmund, uniq_robin, uniq_grinder
